MWL (24 & UNDER)
MANHATTEN MEATHEADS @ ERIE JAXX
08/12/2025
 
TOP OF THE 1ST
Manhatten Meatheads batting - Pitching for Erie Jaxx : RHP Dan Bailey
Pitching: RHP Dan Bailey
Batting: SHB Cornell Payne 0-0: Called Strike
0-1: Foul Ball, location: 2F
0-2: Strikes out swinging
Batting: RHB Adrián López 0-0: Ball
1-0: Swinging Strike
1-1: Ground out 6-3 (Groundball, 6)
Batting: LHB Juan Hernández 0-0: Ball
1-0: Foul Ball, location: 2F
1-1: Ball
2-1: Foul Ball, location: 2F
2-2: Ball
3-2: Foul Ball, location: 2F
3-2: Base on Balls
Batting: RHB Juan Reyes 0-0: Ball
1-0: Foul Ball, location: 2F
1-1: SINGLE (Groundball, 15) (infield hit)
Juan Hernández to second
Batting: RHB Greg Lee 0-0: Called Strike
0-1: Called Strike
0-2: Ball
1-2: Foul Ball, location: 2F
1-2: Foul Ball, location: 2F
1-2: Ball
2-2: Foul Ball, location: 2F
2-2: Ground out 1-3 (Groundball, 15)
Top of the 1st over - 0 run(s), 1 hit(s), 0 error(s), 2 left on base; Manhatten 0 - Erie 0
BOTTOM OF THE 1ST
Erie Jaxx batting - Pitching for Manhatten Meatheads : RHP Doug Cole
Pitching: RHP Doug Cole
Batting: RHB Luis Fuentes 0-0: Ball
1-0: Ball
2-0: Called Strike
2-1: Ground out 4-3 (Groundball, 34)
Batting: RHB Raúl Bruno 0-0: Called Strike
0-1: Swinging Strike
0-2: Ball
1-2: Ball
2-2: Fly out, F9 (Flyball, 9M)
Batting: LHB Ron Crawford 0-0: Ball
1-0: Ball
2-0: Ball
3-0: Called Strike
3-1: Foul Ball, location: 2F
3-2: Ground out 4-3 (Groundball, 34)
Bottom of the 1st over - 0 run(s), 0 hit(s), 0 error(s), 0 left on base; Manhatten 0 - Erie 0
TOP OF THE 2ND
Manhatten Meatheads batting - Pitching for Erie Jaxx : RHP Dan Bailey
Batting: SHB José Sousa 0-0: Ball
1-0: Called Strike
1-1: Foul Ball, location: 2F
1-2: Strikes out swinging, 2-3 out at first.
Batting: SHB León Glaviz 0-0: Ball
1-0: SINGLE (Groundball, 3D)
Batting: RHB Denver Baker 0-0: Called Strike
0-1: Grounds into double play, 3-6-3 (Groundball, 34)
Top of the 2nd over - 0 run(s), 1 hit(s), 0 error(s), 0 left on base; Manhatten 0 - Erie 0
BOTTOM OF THE 2ND
Erie Jaxx batting - Pitching for Manhatten Meatheads : RHP Doug Cole
Batting: RHB John Brown 0-0: Ball
1-0: Ball
2-0: Foul Ball, location: 2F
2-1: Fly out, F8 (Flyball, 8LS)
Batting: LHB Mike Pearson 0-0: Called Strike
0-1: Foul Ball, location: 2F
0-2: Ball
1-2: Strikes out looking
Batting: LHB Dave Cook 0-0: Swinging Strike
0-1: Ball
1-1: Ground out 4-3 (Groundball, 4)
Bottom of the 2nd over - 0 run(s), 0 hit(s), 0 error(s), 0 left on base; Manhatten 0 - Erie 0
TOP OF THE 3RD
Manhatten Meatheads batting - Pitching for Erie Jaxx : RHP Dan Bailey
Batting: RHB Augusto Baca 0-0: Foul Ball, location: 2F
0-1: Called Strike
0-2: Strikes out looking
Batting: SHB Cornell Payne 0-0: Ground out 6-3 (Groundball, 6M)
Batting: RHB Adrián López 0-0: Ground out 1-3 (Groundball, 15S)
Top of the 3rd over - 0 run(s), 0 hit(s), 0 error(s), 0 left on base; Manhatten 0 - Erie 0
BOTTOM OF THE 3RD
Erie Jaxx batting - Pitching for Manhatten Meatheads : RHP Doug Cole
Batting: SHB Giel Molendijk 0-0: Foul Ball, location: 2F
0-1: Called Strike
0-2: Foul Ball, location: 2F
0-2: Strikes out swinging
Batting: LHB Milton Watson 0-0: Called Strike
0-1: Called Strike
0-2: Strikes out swinging
Batting: LHB Ernesto López 0-0: Ball
1-0: Ball
2-0: Called Strike
2-1: Ball
3-1: Foul Ball, location: 2F
3-2: Base on Balls
Batting: RHB Luis Fuentes 0-0: Ball
1-0: Reached on error, E5 (Groundball, 5)
Ernesto López to second
Batting: RHB Raúl Bruno 0-0: Swinging Strike
0-1: Ball
1-1: Ball
2-1: Foul Ball, location: 2F
2-2: Ball
3-2: Foul Ball, location: 2F
3-2: Base on Balls
Ernesto López to third
Luis Fuentes to second
Batting: LHB Ron Crawford 0-0: Called Strike
0-1: Ball
1-1: Called Strike
1-2: Strikes out swinging
Bottom of the 3rd over - 0 run(s), 0 hit(s), 1 error(s), 3 left on base; Manhatten 0 - Erie 0
TOP OF THE 4TH
Manhatten Meatheads batting - Pitching for Erie Jaxx : RHP Dan Bailey
Batting: LHB Juan Hernández 0-0: Ball
1-0: Fly out, F8 (Flyball, 89M)
Batting: RHB Juan Reyes 0-0: Ball
1-0: Ball
2-0: Ball
3-0: Called Strike
3-1: Called Strike
3-2: Foul Ball, location: 2F
3-2: Fly out, F2 (Popup, 2RF)
Batting: RHB Greg Lee 0-0: Ball
1-0: Called Strike
1-1: Swinging Strike
1-2: Foul Ball, location: 2F
1-2: Strikes out swinging
Top of the 4th over - 0 run(s), 0 hit(s), 0 error(s), 0 left on base; Manhatten 0 - Erie 0
BOTTOM OF THE 4TH
Erie Jaxx batting - Pitching for Manhatten Meatheads : RHP Doug Cole
Batting: RHB John Brown 0-0: Ball
1-0: Called Strike
1-1: Ball
2-1: Ball
3-1: Base on Balls
Batting: LHB Mike Pearson 0-0: Called Strike
0-1: Foul Ball, location: 2F
0-2: Ball
1-2: Foul Ball, location: 2F
1-2: Ball
2-2: SINGLE (Line Drive, 4D)
John Brown to second
Throwing error, E9
John Brown scores
Mike Pearson to second
Batting: LHB Dave Cook 0-0: Ball
1-0: Ball
2-0: Ball
3-0: Base on Balls
Batting: SHB Giel Molendijk 0-0: Fly out, F8 (Flyball, 8LM)
Batting: LHB Milton Watson 0-0: Called Strike
0-1: Ball
1-1: Called Strike
1-2: Foul Ball, location: 2F
1-2: Ball
2-2: Ball
3-2: Foul Ball, location: 2F
3-2: DOUBLE (Groundball, 5D)
Mike Pearson scores
Dave Cook to third
Dave Cook scores
Batting: LHB Ernesto López 0-0: Called Strike
0-1: Ball
1-1: SINGLE (Line Drive, 4MD)
Milton Watson to third
Batting: RHB Luis Fuentes 0-0: Ball
1-0: Called Strike
1-1: Called Strike
1-2: Strikes out swinging
Throwing error on steal attempt, E2
Milton Watson scores
Ernesto López to third
Batting: RHB Raúl Bruno 0-0: Fly out, F8 (Line Drive, 8RM)
Bottom of the 4th over - 4 run(s), 3 hit(s), 2 error(s), 1 left on base; Manhatten 0 - Erie 4
TOP OF THE 5TH
Manhatten Meatheads batting - Pitching for Erie Jaxx : RHP Dan Bailey
Batting: SHB José Sousa 0-0: Ball
1-0: Ground out 4-3 (Groundball, 34)
Batting: SHB León Glaviz 0-0: Ground out 3-1 (Groundball, 34)
Batting: RHB Denver Baker 0-0: Ground out 6-3 (Groundball, 6)
Top of the 5th over - 0 run(s), 0 hit(s), 0 error(s), 0 left on base; Manhatten 0 - Erie 4
BOTTOM OF THE 5TH
Erie Jaxx batting - Pitching for Manhatten Meatheads : RHP Doug Cole
Batting: LHB Ron Crawford 0-0: Ball
1-0: Ball
2-0: Ground out 6-3 (Groundball, 6M)
Pitching: RHP Larry Bischoff
Batting: RHB John Brown 0-0: Ball
1-0: Ground out 6-3 (Groundball, 6M)
Batting: LHB Mike Pearson 0-0: Swinging Strike
0-1: Swinging Strike
0-2: Ball
1-2: Strikes out swinging
Bottom of the 5th over - 0 run(s), 0 hit(s), 0 error(s), 0 left on base; Manhatten 0 - Erie 4
TOP OF THE 6TH
Manhatten Meatheads batting - Pitching for Erie Jaxx : RHP Dan Bailey
Batting: RHB Augusto Baca 0-0: Ball
1-0: Ball
2-0: Ground out 6-3 (Groundball, 56)
Batting: SHB Cornell Payne 0-0: Ball
1-0: Ball
2-0: Called Strike
2-1: Ball
3-1: Reached on error, E6 (Groundball, 56D)
Batting: RHB Adrián López 0-0: Ball
1-0: Foul Ball, location: 2F
1-1: SINGLE (Line Drive, 6D)
Cornell Payne to second
Batting: LHB Juan Hernández 0-0: Called Strike
0-1: Fielders Choice at 2nd, 3-6 (Groundball, 34)
Cornell Payne to third
Batting: RHB Juan Reyes 0-0: Ball
1-0: Ball
2-0: Foul Ball, location: 2F
2-1: Foul Ball, location: 2F
2-2: Strikes out looking
Top of the 6th over - 0 run(s), 1 hit(s), 1 error(s), 2 left on base; Manhatten 0 - Erie 4
BOTTOM OF THE 6TH
Erie Jaxx batting - Pitching for Manhatten Meatheads : RHP Larry Bischoff
Batting: LHB Dave Cook 0-0: Foul Ball, location: 2F
0-1: Ball
1-1: Ball
2-1: Swinging Strike
2-2: Foul Ball, location: 2F
2-2: Ball
3-2: Base on Balls
Batting: SHB Giel Molendijk 0-0: Ball
1-0: Ball
2-0: Called Strike
2-1: SINGLE (Flyball, 78S)
Dave Cook to second
Batting: LHB Milton Watson 0-0: Ball
1-0: Ball
2-0: Ball
3-0: Called Strike
3-1: Swinging Strike
3-2: Base on Balls
Dave Cook to third
Giel Molendijk to second
Batting: LHB Ernesto López 0-0: Swinging Strike
0-1: Called Strike
0-2: Ball
1-2: Strikes out swinging
Batting: RHB Luis Fuentes 0-0: Called Strike
0-1: Foul Ball, location: 2F
0-2: Ball
1-2: Ball
2-2: Ball
3-2: Base on Balls
Dave Cook scores
Giel Molendijk to third
Milton Watson to second
Batting: RHB Raúl Bruno 0-0: SINGLE (Groundball, 56) (infield hit)
Giel Molendijk scores
Milton Watson to third
Luis Fuentes to second
Batting: LHB Ron Crawford 0-0: Ball
1-0: Ball
2-0: Ball
3-0: Base on Balls
Milton Watson scores
Luis Fuentes to third
Raúl Bruno to second
Batting: RHB John Brown 0-0: SINGLE (Groundball, 56D) (infield hit)
Luis Fuentes scores
Raúl Bruno to third
Ron Crawford to second
Pitching: LHP Donald Joseph
Batting: LHB Mike Pearson Balk!
Raúl Bruno scores
Ron Crawford to third
John Brown to second
0-0: Ball
1-0: Fly out, F7 (Flyball, 7M)
Runner from 3rd tags up, SCORES, no throw
Batting: LHB Dave Cook 0-0: Ball
1-0: Ball
2-0: Ball
3-0: Base on Balls
Batting: SHB Giel Molendijk 0-0: Foul Ball, location: 2F
0-1: Called Strike
0-2: Ball
1-2: Ball
2-2: Fly out, F9 (Flyball, 89S)
Bottom of the 6th over - 6 run(s), 3 hit(s), 0 error(s), 2 left on base; Manhatten 0 - Erie 10
TOP OF THE 7TH
Manhatten Meatheads batting - Pitching for Erie Jaxx : RHP Dan Bailey
Batting: RHB Greg Lee 0-0: Called Strike
0-1: SINGLE (Groundball, 56D)
Batting: SHB José Sousa 0-0: Foul Ball, location: 2F
0-1: Ball
1-1: Foul Ball, location: 2F
1-2: Ball
2-2: Strikes out swinging
Batting: SHB León Glaviz 0-0: Foul Ball, location: 2F
0-1: Swinging Strike
0-2: Ball
1-2: Ball
2-2: Fly out, F8 (Flyball, 8LS)
Pitching: LHP Alfredo García
Batting: RHB Denver Baker 0-0: Called Strike
0-1: Ball
1-1: Ball
2-1: Ball
3-1: Base on Balls
Greg Lee to second
Batting: RHB Augusto Baca 0-0: Called Strike
0-1: Foul Ball, location: 2F
0-2: Ball
1-2: Ball
2-2: Fly out, F2 (Popup, 2L)
Top of the 7th over - 0 run(s), 1 hit(s), 0 error(s), 2 left on base; Manhatten 0 - Erie 10
BOTTOM OF THE 7TH
Erie Jaxx batting - Pitching for Manhatten Meatheads : LHP Donald Joseph
Batting: LHB Milton Watson 0-0: Ball
1-0: Ball
2-0: Foul Ball, location: 2F
2-1: Swinging Strike
2-2: Foul Ball, location: 2F
2-2: Ball
3-2: Foul Ball, location: 2F
3-2: Base on Balls
Batting: LHB Ernesto López 0-0: Bunted foul
0-1: Sac Bunt - play at first, batter OUT! 1-4
Milton Watson to second
Batting: RHB Luis Fuentes 0-0: Ball
1-0: Fly out, F6 (Line Drive, 6)
Batting: RHB Raúl Bruno 0-0: Ball
1-0: Ball
2-0: Ball
3-0: Called Strike
3-1: Foul Ball, location: 2F
3-2: Foul Ball, location: 2F
3-2: Reached on error, E6 (Groundball, 6)
Milton Watson to third
Batting: LHB Ron Crawford 0-0: Ball
1-0: Foul Ball, location: 2F
1-1: Ground out 1-3 (Groundball, 23)
Bottom of the 7th over - 0 run(s), 0 hit(s), 1 error(s), 2 left on base; Manhatten 0 - Erie 10
TOP OF THE 8TH
Manhatten Meatheads batting - Pitching for Erie Jaxx : LHP Alfredo García
Pinch Hitting: RHB Alfredo Díaz 0-0: Ball
1-0: Foul Ball, location: 2F
1-1: Called Strike
1-2: Strikes out swinging
Batting: RHB Adrián López 0-0: Swinging Strike
0-1: Ball
1-1: Fly out, F6 (Popup, 5F)
Batting: LHB Juan Hernández 0-0: Ball
1-0: Ball
2-0: Ball
3-0: Called Strike
3-1: Foul Ball, location: 2F
3-2: Strikes out swinging
Top of the 8th over - 0 run(s), 0 hit(s), 0 error(s), 0 left on base; Manhatten 0 - Erie 10
BOTTOM OF THE 8TH
Erie Jaxx batting - Pitching for Manhatten Meatheads : LHP Donald Joseph
Now at 3B: Santiago Díaz
Batting: RHB John Brown 0-0: Ball
1-0: Foul Ball, location: 2F
1-1: SINGLE (Groundball, 6D)
Batting: LHB Mike Pearson 0-0: Ball
1-0: Ball
2-0: Ball
3-0: Base on Balls
John Brown to second
Pinch Hitting: RHB Alfredo Ramírez 0-0: Ball
1-0: Reached on error, E5 (Groundball, 5)
John Brown to third
Mike Pearson to second
Batting: SHB Giel Molendijk 0-0: Fly out, F8 (Flyball, 8RM)
Runner from 3rd tags up, SCORES, throw made
Batting: LHB Milton Watson 0-0: Ball
1-0: Called Strike
1-1: Foul Ball, location: 2F
1-2: Ball
2-2: Fly out, F8 (Flyball, 8LM)
Batting: LHB Ernesto López 0-0: Called Strike
0-1: Foul Ball, location: 2F
0-2: Ball
1-2: DOUBLE (Flyball, 7LM)
Mike Pearson scores
Alfredo Ramírez to third
Batting: RHB Luis Fuentes 0-0: Ball
1-0: Called Strike
1-1: Swinging Strike
1-2: Ball
2-2: Foul Ball, location: 2F
2-2: Strikes out looking
Bottom of the 8th over - 2 run(s), 2 hit(s), 1 error(s), 2 left on base; Manhatten 0 - Erie 12
TOP OF THE 9TH
Manhatten Meatheads batting - Pitching for Erie Jaxx : LHP Alfredo García
Now at 2B: Alfredo Ramírez
Batting: RHB Juan Reyes 0-0: Ball
1-0: Ball
2-0: Called Strike
2-1: Ball
3-1: Base on Balls
Batting: RHB Greg Lee 0-0: SINGLE (Groundball, 6MD)
Juan Reyes to second
Runner from 2nd tries for 3rd, SAFE, throw made to third
Batting: SHB José Sousa 0-0: Fly out, F7 (Flyball, 78M)
Runner from 3rd tags up, SCORES, throw made
Batting: SHB León Glaviz 0-0: Ball
1-0: Swinging Strike
1-1: DOUBLE (Line Drive, 7LM)
Greg Lee to third
Runner from 3rd tries for Home, SAFE, throw made home
Batting: RHB Denver Baker 0-0: Foul Ball, location: 2F
0-1: Ball
1-1: Ball
2-1: Foul Ball, location: 2F
2-2: Ball
3-2: Strikes out swinging
Batting: RHB Augusto Baca 0-0: Called Strike
0-1: Foul Ball, location: 2F
0-2: Ball
1-2: Fly out, F9 (Flyball, 9S)
Top of the 9th over - 2 run(s), 2 hit(s), 0 error(s), 1 left on base; Manhatten 2 - Erie 12
This league is powered by Out of the Park Baseball, the baseball management simulation game for PC, Mac and Linux
Tuesday, August 2nd, 2016 - OOTP Baseball 16.8 Build 38